 Dungeon Crawl Stone Soup version 0.30-a0-883-g5ad918d (webtiles) character file.

Game seed: 14374380056748714401

236 Illumine the Skirmisher (level 6, -1/36 HPs)
             Began as a Kobold Hunter on Mar 16, 2023.
             Was an Initiate of Dithmenos.
             Slain by an iguana (8 damage)
             ... on level 4 of the Dungeon.
             The game lasted 00:03:25 (3528 turns).

Illumine the Skirmisher (Kobold Hunter)             Turns: 3528, Time: 00:03:25

Health: -1/36      AC:  3    Str:  8    XL:     6   Next: 27%
Magic:  6/6        EV: 15    Int: 10    God:    Dithmenos [......]
Gold:   79         SH:  0    Dex: 21    Spells: 5/5 levels left

rFire   . . .      SeeInvis .    a - +0 shortbow
rCold   . . .      Faith    .    (shield currently unavailable)
rNeg    . . .      Spirit   .    c - +0 leather armour
rPois   .          Reflect  .    (no helmet)
rElec   .          Rampage  .    (no cloak)
rCorr   .                        (no gloves)
Will    .....                    (no boots)
Stlth   ++++                     (no amulet)
HPRegen 0.26/turn                (no ring)
MPRegen 0.10/turn                (no ring)

@: about to teleport, attractive
A: small, no large weapons, nightstalker 3
a: Renounce Religion


You were on level 4 of the Dungeon.
You worshipped Dithmenos.
Dithmenos was noncommittal.
You visited 2 branches of the dungeon, and saw 6 of its levels.

You collected 79 gold pieces.

Inventory:

Hand Weapons
 a - a +0 shortbow (weapon)
 h - a +4 whip
 n - a +2 dagger of holy wrath
Missiles
 g - a throwing net
Armour
 c - a +0 leather armour (worn)
Jewellery
 d - a ring of willpower
 p - a ring of positive energy
Scrolls
 b - a scroll of immolation
 e - a scroll of identify
 f - a scroll of fog {unknown}
 j - 2 scrolls of amnesia
 l - a scroll of poison {unknown}
 m - a scroll of teleportation
 o - a scroll of acquirement {unknown}
 q - a scroll of brand weapon {unknown}
 t - a scroll of fear {unknown}
 u - a scroll of vulnerability {unknown}
Potions
 i - a potion of degeneration {unknown}
 k - a potion of cancellation {unknown}
 r - a potion of heal wounds {unknown}
 s - a potion of attraction


   Skills:
 + Level 2.6 Fighting
 * Level 8.0 Ranged Weapons
 + Level 2.9 Dodging
 + Level 4.4 Stealth


You had 5 spell levels left.
You didn't know any spells.
Your spell library was empty.

Dungeon Overview and Level Annotations

Branches:
Dungeon (5/15)             Temple (1/1) D:4

Altars:
Dithmenos
Fedhas
Gozag
Kikubaaqudgha
Makhleb
Nemelex Xobeh
Okawaru
Qazlal
Ru
Sif Muna
Uskayaw
Wu Jian
Xom
Zin


Innate Abilities, Weirdness & Mutations

You are small and have problems with some larger weapons.
You are completely attuned to the shadows.


Message History

You kill the adder!
Dithmenos accepts your kill.
No target in view!
You see here an adder corpse.
A gnoll comes into view. It is wielding a +0 whip.
You shoot an arrow. The arrow barely misses the gnoll.
The gnoll shouts!
You hear a shout!
You see here an adder corpse.
There is a stone staircase leading down here.
You climb downwards.
There is a stone staircase leading up here.
You shoot an arrow. The arrow hits the iguana.
The iguana hisses angrily.
The iguana is lightly wounded.
You hear a shout! x2
An ogre comes into view. It is wielding a +0 giant club.
An orc comes into view. It is wielding a +0 flail.
You hear a shout!
The iguana misses you.
You climb upwards.
The gnoll misses you. x2
There is a stone staircase leading down here.
Unknown command.
As you read the scroll labelled OTOPPI PUICS, it crumbles to dust.
It is a scroll of identify.
j - 2 scrolls of amnesia The iguana misses you.
The gnoll hits you but does no damage. The gnoll closely misses you.
As you read the scroll of identify, it crumbles to dust.
m - 2 scrolls of teleportation The iguana bites you!
The gnoll closely misses you. The gnoll misses you.
As you read the scroll of teleportation, it crumbles to dust.
You feel strangely unstable. The iguana bites you.
The gnoll hits you with a +0 whip!
The gnoll hits you from afar with a +0 spear!
* * * LOW HITPOINT WARNING * * *
Unknown command.
It was a potion of attraction.
You feel attractive to monsters. The iguana bites you!
You die...

#### #.....#
#####.# #.# #.#
#g# #.# #.#
###############g#
#....†)..>..g@l.#
#.###############
#.# ####.###
.......# .......#
.......#
...†.....
.......##


You could see an iguana and 2 gnolls.

Vanquished Creatures
  An ogre (D:4)
  A hound (D:3)
  An iguana (D:4)
  4 adders
  2 worms (D:3)
  A dart slug (D:2)
  5 bats
  4 endoplasms
  A giant cockroach (D:2)
  8 goblins
  3 hobgoblins
  7 kobolds
  2 quokkas (D:1)
  10 ball pythons
  A frilled lizard (D:1)
  6 rats
57 creatures vanquished.

Notes
Turn   | Place    | Note
-------+----------+-------------------------------------------
     0 | D:1      | Illumine the Kobold Hunter began the quest for the Orb.
     0 | D:1      | Reached XP level 1. HP: 12/12 MP: 1/1
    60 | D:1      | Found Vupiel's Jewellery Shoppe.
   291 | D:1      | Reached XP level 2. HP: 17/17 MP: 2/2
   580 | D:1      | Reached skill level 6 in Ranged Weapons
   638 | D:1      | Found a faded altar of an unknown god.
   672 | D:1      | Reached XP level 3. HP: 12/21 MP: 3/3
  1486 | D:2      | Reached XP level 4. HP: 26/26 MP: 4/4
  2311 | D:3      | Reached skill level 7 in Ranged Weapons
  2751 | D:4      | Reached XP level 5. HP: 11/30 MP: 5/5
  3005 | D:4      | Found a staircase to the Ecumenical Temple.
  3011 | Temple   | Entered the Ecumenical Temple
  3292 | Temple   | Became a worshipper of Dithmenos the Shadowed
  3378 | D:4      | Noticed an ogre
  3381 | D:4      | Killed an ogre
  3382 | D:4      | Reached skill level 8 in Ranged Weapons
  3382 | D:4      | Reached XP level 6. HP: 36/36 MP: 6/6
  3521 | D:5      | Entered Level 5 of the Dungeon
  3522 | D:5      | Noticed an ogre
  3528 | D:4      | Slain by an iguana

Illustrated notes

Levels and vault maps discovered:
D:1:      matt_arrival_refuge, layout_basic,
          hellmonk_ecumenical_altar_leap_of_faith, serial_shops,
          nicolae_shop_stone
D:2:      layout_loops_ring, minmay_cut_off
D:3:      layout_basic
D:4:      layout_loops_ring, nicolae_overflow_crystal_walls,
          kennysheep_slug_shrine, minmay_temple_entry_large_hall,
          minmay_misc_feat_four_crosses
D:5:      layout_cave_pools, minmay_joined_circles
Temple:   minmay_temple_curvy_branch

Skill      XL: |  1  2  3  4  5 |
---------------+----------------+-----
Stealth        | 2 3 4 |  4.4
Ranged Weapons | 6 7 8 |  8.0
Fighting       | |  2.6
Dodging        | |  2.9

Action                     |  1- 3 |  4- 6 || total
---------------------------+-------+-------++-------
   Fire: Shortbow          |    68 |    95 ||   163
    Use: Scroll            |       |     3 ||     3
         Potion            |       |     1 ||     1
 Armour: Leather armour    |     6 |    16 ||    22
  Dodge: Dodged            |    26 |    60 ||    86

Table legend: (Time is in decaauts)
 A = Elapsed time spent in this place.
 B = Non-inter-level travel time spent in this place.
 C = Inter-level travel time spent in this place.
 D = Time resting spent in this place.
 E = Time spent auto-exploring this place.
 F = Levels seen in this place.
 G = Mean time per level.
                   A        B        C        D        E       F      G
               +--------+--------+--------+--------+--------+-----+--------+
         Total |   3564 |   3380 |    184 |    171 |   2814 |   6 |  594.0 |
       Dungeon |   3271 |   3109 |    162 |    171 |   2550 |   5 |  654.2 |
        Temple |    292 |    270 |     22 |      0 |    264 |   1 |  292.0 |
               +--------+--------+--------+--------+--------+-----+--------+

Top non-repeatable levels by time:
     D:3: 1058 daAuts
     D:1: 976 daAuts
     D:2: 799 daAuts
     D:4: 433 daAuts
  Temple: 292 daAuts
     D:5: 2 daAuts
